 Dungeon Crawl Stone Soup version 0.28.0-45-g0d030f2227 (webtiles) character file.

Game seed: 15162756187443632910

49 101zpm the Magician (level 4, -9/31 HPs)
             Began as a Djinni Ice Elementalist on Apr 15, 2022.
             Mangled by a gnoll
             ... wielding a +0 halberd
              (13 damage)
             ... on level 2 of the Dungeon.
             The game lasted 00:04:24 (1980 turns).

101zpm the Magician (Djinni Ice Elementalist)       Turns: 1980, Time: 00:04:26

Health: -9/31      AC:  8    Str:  7    XL:     4   Next: 2%
Gold:   43         EV: 12    Int: 19    God:
                   SH:  0    Dex: 13

rFire   + + .      SeeInvis .   b - staff of conjuration
rCold   x . .      Faith    .   (no shield)
rNeg    . . .      Spirit   .   a - +0 robe
rPois   ∞          Reflect  .   (no helmet)
rElec   .          Harm     .   (no cloak)
rCorr   .          Rampage  .   (no gloves)
Will    .....                   (boots unavailable)
Stlth   ++........              (no amulet)
HPRegen 0.10/turn               (no ring)
MPRegen 0.00/turn               (no ring)

@: ice-armoured, freezing walls, flying
A: sickness immunity, fire resistance 2, cold vulnerability 1, float, innate
caster, HP casting, extra vitality 1
a: no special abilities


You were on level 2 of the Dungeon.
You visited 1 branch of the dungeon, and saw 2 of its levels.

You collected 43 gold pieces.

Inventory:

Missiles
 f - 48 stones
Armour
 a - a +0 robe (worn)
Magical Staves
 b - a staff of conjuration (weapon)
Scrolls
 c - a scroll of identify {unknown}
 d - a scroll of silence {unknown}
Potions
 e - a potion of degeneration {unknown}


   Skills:
 + Level 0.1 Fighting
 + Level 0.1 Staves
 + Level 2.4 Dodging
 + Level 2.1 Stealth
 + Level 3.9 Spellcasting


You couldn't memorise any spells.
You knew the following spells:

 Your Spells              Type           Power      Damage    Failure   Level
a - Freeze                Ice            72%        1d9       2%          1
b - Frozen Ramparts       Ice            36%        1d5       9%          3
c - Ozocubu's Armour      Ice            18%        N/A       9%          3
d - Hailstorm             Conj/Ice       28%        3d8       26%         4
e - Summon Small Mammal   Summ           72%        N/A       2%          1
Your spell library was empty.

Dungeon Overview and Level Annotations

Branches:
Dungeon (2/15)

Altars:


Innate Abilities, Weirdness & Mutations

You are immune to sickness and miasma.
You are immune to poison.
Your flesh is very heat resistant. (rF++)
You are vulnerable to cold. (rC-)
You float through the air rather than walking.
You learn spells naturally, not from books.
Your magical power is your life essence.
You have superior vitality. (+4 MHP)


Message History

A gnoll comes into view. It is wielding a +0 halberd.
Casting: Frozen Ramparts (quite dangerous; 9% risk of failure)
Confirm with . or Enter, or press ? or * to list all spells.
The spell is quite dangerous to miscast (9% risk of failure)!
Continue anyway?
Casting: Frozen Ramparts (quite dangerous; 9% risk of failure)
Press: ? - help, Dir - look around, f - activate The walls around you are covered in ice.
The gnoll shouts! x2; You hear an angry hiss.
The hobgoblin throws a stone.
The stone hits you.
Casting: Frozen Ramparts (quite dangerous; 9% risk of failure)
Confirm with . or Enter, or press ? or * to list all spells.
The spell is quite dangerous to miscast (9% risk of failure)!
Continue anyway?
A film of ice covers your body!
The ball python hisses angrily.
The hobgoblin throws a stone.
The stone hits you but does no damage. The gnoll closely misses you.
The wall freezes the hobgoblin.
The gnoll barely misses you.
The wall freezes the hobgoblin.
You kill the hobgoblin!
The wall freezes the ball python.
You kill the ball python!
The gnoll barely misses you.
You have reached level 4!
You feel clever.
The wall freezes the gnoll.
The gnoll throws a throwing net.
The throwing net closely misses you. The gnoll completely misses you.
The frozen ramparts melt away.
The gnoll hits you from afar with a +0 halberd!
* * * LOW HITPOINT WARNING * * *
The gnoll barely misses you.
Casting: Ozocubu's Armour (quite dangerous; 9% risk of failure)
Confirm with . or Enter, or press ? or * to list all spells.
The spell is quite dangerous to miscast (9% risk of failure)!
Continue anyway?
Casting: Frozen Ramparts (quite dangerous; 9% risk of failure)
Press: ? - help, Dir - look around, f - activate The walls around you are covered in ice.
* * * LOW HITPOINT WARNING * * *
The wall freezes the gnoll.
The gnoll hits you from afar with a +0 halberd!
You die...

.........##.#
#.########..##.#
#...#.# #.....#
#...#.# #.#####
#...#.# #.#
####...#.# #.#
..S....#.# #.#
#....#(########.#
.(#....#@.........#
....:.†g###########
......gg+ ........#
#........ #........
#..#+###.# ... .#
## ##


You could see 3 gnolls.

Vanquished Creatures
  A worm (D:2)
  3 dart slugs (D:1)
  6 ball pythons
  4 endoplasms (D:1)
  4 goblins (D:1)
  3 hobgoblins
  2 jackals (D:1)
  4 kobolds (D:1)
  4 quokkas (D:1)
  A bat (D:1)
  A frilled lizard (D:1)
  3 rats (D:1)
36 creatures vanquished.

Notes
Turn   | Place    | Note
-------+----------+-------------------------------------------
     0 | D:1      | 101zpm the Djinni Ice Elementalist began the quest for the
                  | Orb.
     0 | D:1      | Reached XP level 1. HP: 15/15 MP: 0/0
   141 | D:1      | Reached XP level 2. HP: 18/21 MP: 0/0
   749 | D:1      | Reached XP level 3. HP: 24/25 MP: 0/0
   749 | D:1      | Learned a level 1 spell: Summon Small Mammal
  1978 | D:2      | Reached XP level 4. HP: 20/31 MP: 0/0
  1980 | D:2      | Mangled by a gnoll

Illustrated notes

Levels and vault maps discovered:
D:1:      dpeg_arrival_tiny_c, layout_basic
D:2:      layout_basic, minmay_hexomino_r4

Skill      XL: |  1  2  3 |
---------------+----------+-----
Stealth        | 2 |  2.1
Fighting       | |  0.1
Staves         | |  0.1
Dodging        | |  2.4
Spellcasting   | |  3.9

Action                   |  1- 3 |  4- 6 || total
-------------------------+-------+-------++-------
Melee: Staff             |    11 |       ||    11
       Punch             |     1 |       ||     1
 Cast: Freeze            |    52 |       ||    52
       Frozen Ramparts   |     2 |     1 ||     3
       Ozocubu's Armour  |     1 |       ||     1
Armor: Robe              |     7 |       ||     7
Dodge: Dodged            |    35 |     3 ||    38
